 Dungeon Crawl Stone Soup version 0.30.0-5-g1a98f26d00 (webtiles) character file.

Game seed: 3238684964164858703

588 Woods the Magician (level 7, 0/45 HPs)
             Began as a Djinni Fire Elementalist on May 10, 2023.
             Slain by an orc wizard
             ... wielding a +0 dagger
              (2 damage)
             ... on level 4 of the Dungeon.
             The game lasted 00:08:36 (3329 turns).

Woods the Magician (Djinni Fire Elementalist)       Turns: 3329, Time: 00:08:36

Health: 0/45       AC:  3    Str:  7    XL:     7   Next: 65%
Gold:   177        EV: 13    Int: 19    God:
                   SH:  0    Dex: 13

rFire   + + .        (no weapon)
rCold   x . .        (no shield)
rNeg    + . .        a - +0 robe
rPois   ∞            c - +0 helmet
rElec   .            (no cloak)
rCorr   .            (no gloves)
SInv    .            (boots unavailable)
Will    .....        (no amulet)
Stlth   ++           m - ring of positive energy
HPRegen 0.27/turn    (no ring)
MPRegen 0.00/turn

%: infuse magic (-1 HP)
@: mighty, flying
A: sickness immunity, fire resistance 2, cold vulnerability 1, float, innate
caster, HP casting, extra vitality 1
a: no special abilities


You were on level 4 of the Dungeon.
You visited 2 branches of the dungeon, and saw 5 of its levels.

You collected 177 gold pieces.

Inventory:

Armour
 a - a +0 robe (worn)
 c - a +0 helmet (worn)
Jewellery
 m - a ring of positive energy (left hand)
Wands
 o - a wand of polymorph (7)
 q - a wand of quicksilver (5)
Scrolls
 e - 2 scrolls of immolation {unknown}
 f - 2 scrolls of identify
 g - a scroll of amnesia {unknown}
 i - a scroll of torment {unknown}
 j - a scroll of fear {unknown}
 k - a scroll of silence {unknown}
 l - a scroll of enchant armour {unknown}
 p - a scroll of butterflies {unknown}
Potions
 b - a potion of heal wounds {unknown}
 d - a potion of attraction {unknown}
 h - a potion of might
 n - 2 potions of curing {unknown}
 r - a potion of mutation {unknown}


   Skills:
 + Level 4.7 Dodging
 + Level 3.7 Stealth
 * Level 4.8 Spellcasting


You knew the following spells:

 Your Spells              Type           Power      Damage    Failure   Level
a - Foxfire               Conj/Fire      92%        2x1d8     1%          1
b - Scorch                Fire           46%        2d7       2%          2
c - Volatile Blastmotes   Fire/Tloc      46%        2d13      5%          3
d - Inner Flame           Hex/Fire       23%        N/A       5%          3
e - Flame Wave            Conj/Fire      23%        2d8       17%         4
f - Sandblast             Erth           46%        2d11      1%          1
g - Call Imp              Summ           46%        N/A       2%          2
h - Summon Guardian Gole  Hex/Summ       23%        N/A       5%          3
Your spell library was empty.

Dungeon Overview and Level Annotations

Branches:
Dungeon (4/15)             Temple (1/1) D:4

Altars:
Cheibriados
Dithmenos
Elyvilon
Fedhas
Gozag
Hepliaklqana
Nemelex Xobeh
Okawaru
Qazlal
Ru
Trog
Uskayaw
Xom
Yredelemnul
The Shining One


Innate Abilities, Weirdness & Mutations

You are immune to sickness and miasma.
You are immune to poison.
Your flesh is very heat resistant. (rF++)
You are vulnerable to cold. (rC-)
You float through the air rather than walking.
You learn spells naturally, not from books.
Your magical power is your life essence.
You have superior vitality. (+4 MHP)


Message History

Something hits you but does no damage.
Casting: Foxfire (safe; 1% risk of failure)
Press: ? - help, Q - select action, (/) - cycle Dir - look around, f - activate Nothing appears to happen.
Something hits you.
Casting: Foxfire (safe; 1% risk of failure)
Confirm with . or Enter, or press ? or * to list all spells.
Flames lash something.
Something hits you.
The orc throws a boomerang.
The boomerang hits you.
Unknown command.
Casting: Scorch (safe; 2% risk of failure)
Confirm with . or Enter, or press ? or * to list all spells.
Flames lash something.
Something hits you but does no damage.
Unknown command.
Casting: Scorch (safe; 2% risk of failure)
Confirm with . or Enter, or press ? or * to list all spells.
Flames lash the orc.
The orc is heavily wounded.
The orc's fire resistance burns away.
* * * LOW HITPOINT WARNING * * *
Something hits you.
* * * LOW HITPOINT WARNING * * *
Casting: Scorch (safe; 2% risk of failure)
Confirm with . or Enter, or press ? or * to list all spells.
Flames lash the orc.
The orc is burned terribly!
You kill the orc!
* * * LOW HITPOINT WARNING * * *
Something hits you.
* * * LOW HITPOINT WARNING * * *
Casting: Scorch (safe; 2% risk of failure)
Confirm with . or Enter, or press ? or * to list all spells.
You can't see any susceptible monsters within range! (Use Z to cast anyway.)
As you read the scroll labelled EPHAEM VOMOHAM, it crumbles to dust.
It is a scroll of identify.
h - 2 potions of might Something hits you.
* * * LOW HITPOINT WARNING * * *
You feel very mighty all of a sudden. Something hits you.
You die...

#~...#.[..#.#...#
#.~~.#...#...#..#
#...~#..........#
##≈..))........#.#
##..≈.##........#.# .
##.J.o##.........#.#
$..##o..########)###.#.#
#...### #{#)..#.#
....### #@#.###.# ####
#.#.# #.# #.#.# #.#
#.#.# #.# #...# #.#
#######..###.#
[............#
#######....###########
##.............#


There were no monsters in sight!

Vanquished Creatures
  Sigmund (D:3)
  An ogre (D:4)
  An orc priest (D:4)
  A jelly (D:4)
  2 hounds (D:4)
  Natasha (thrice) (D:3)
  5 adders
  2 worms
  A dart slug (D:1)
  9 orcs
  6 ball pythons
  8 endoplasms
  2 giant cockroaches (D:3)
  6 goblins
  9 hobgoblins
  2 jackals (D:4)
  4 quokkas
  3 bats
  4 frilled lizards (D:3)
  6 kobolds
  8 rats
84 creatures vanquished.

Vanquished Creatures (collateral kills)
  2 foxfires (D:2)
2 creatures vanquished.

Vanquished Creatures (others)
  208 foxfires
208 creatures vanquished.

Grand Total: 294 creatures vanquished

Notes
Turn   | Place    | Note
-------+----------+-------------------------------------------
     0 | D:1      | Woods the Djinni Fire Elementalist began the quest for the
                  | Orb.
     0 | D:1      | Woods set off with the following spells memorised: Foxfire,
                  | Scorch, Volatile Blastmotes, Inner Flame, Flame Wave.
     0 | D:1      | Reached XP level 1. HP: 15/15 MP: 0/0
   253 | D:1      | Reached XP level 2. HP: 19/21 MP: 0/0
   818 | D:2      | Reached XP level 3. HP: 23/25 MP: 0/0
   818 | D:2      | Learned a level 1 spell: Sandblast
  1483 | D:3      | Noticed Sigmund
  1508 | D:3      | Found a glowing golden altar of the Shining One.
  1513 | D:3      | Reached XP level 4. HP: 24/31 MP: 0/0
  1551 | D:3      | Found a hazy altar of Hepliaklqana.
  1552 | D:3      | Found a sparkling altar of Nemelex Xobeh.
  1575 | D:3      | Found a faded altar of an unknown god.
  1712 | D:3      | Noticed Natasha
  1721 | D:3      | Killed Natasha
  1722 | D:3      | Reached XP level 5. HP: 4/35 MP: 0/0
  1722 | D:3      | Learned a level 2 spell: Call Imp
  1780 | D:3      | Noticed Natasha
  2166 | D:3      | Found a stormy altar of Qazlal.
  2392 | D:3      | Killed Natasha
  2480 | D:3      | Noticed Natasha
  2482 | D:3      | Killed Natasha
  2522 | D:3      | Killed Sigmund
  2523 | D:3      | Reached XP level 6. HP: 33/40 MP: 0/0
  2746 | D:4      | Found a staircase to the Ecumenical Temple.
  2762 | D:4      | Reached XP level 7. HP: 38/45 MP: 0/0
  2762 | D:4      | Learned a level 3 spell: Summon Guardian Golem
  2772 | Temple   | Entered the Ecumenical Temple
  3328 | D:4      | HP: 2/45 [something (3)]
  3329 | D:4      | Slain by an orc wizard

Illustrated notes

Levels and vault maps discovered:
D:1:      sevenhm_arrival_forest_fort_small_6, layout_basic
D:2:      layout_rooms, serial_rivers, chequers_serial_rivers_marsh,
          chequers_serial_rivers_micro_d, chequers_serial_rivers_large_b,
          chequers_serial_rivers_small_b, minmay_hedge_maze
D:3:      layout_rooms, gammafunk_temple_overflow_forgotten,
          nicolae_qazlal_general_emergency,
          hellmonk_ecumenical_altar_crossroads, uniq_natasha, uniq_sigmund
D:4:      layout_basic, minmay_temple_entry_crystal_x, serial_park_tiny_1,
          nzn_random_ring
Temple:   nicolae_temple_god_jail

Skill      XL: |  1  2  3  4  5 |
---------------+----------------+-----
Stealth        | 2 3 |  3.7
Spellcasting   | 3 4 |  4.8
Dodging        | 3 4 |  4.7

Action                     |  1- 3 |  4- 6 |  7- 9 || total
---------------------------+-------+-------+-------++-------
  Melee: Unarmed           |     4 |    17 |       ||    21
   Cast: Foxfire           |    62 |    43 |    25 ||   130
         Scorch            |     9 |    29 |    15 ||    53
         Inner Flame       |       |       |     1 ||     1
    Use: Scroll            |       |       |     1 ||     1
         Potion            |       |       |     1 ||     1
 Armour: Robe              |     4 |     6 |     2 ||    12
  Dodge: Dodged            |    10 |    16 |     7 ||    33
